 Dungeon Crawl Stone Soup version 0.29-a0-284-gf9362112df (webtiles) character file.

Game seed: 15704201435046215796

114 n8rtot the Conjurer (level 4, 0/24 HPs)
             Began as a Deep Elf Conjurer on Mar 9, 2022.
             Was an Initiate of Dithmenos.
             Slain by Crazy Yiuf
             ... wielding a +2 quarterstaff of chaos
              (2 damage)
             ... on level 3 of the Dungeon on Mar 24, 2022.
             The game lasted 00:16:08 (3170 turns).

n8rtot the Conjurer (Deep Elf Conjurer)             Turns: 3170, Time: 00:16:09

Health: 0/24       AC:  2    Str:  4    XL:     4   Next: 67%
Magic:  9/12       EV: 12    Int: 25    God:    Dithmenos [......]
Gold:   113        SH:  0    Dex: 13    Spells: 9/12 levels left

rFire   . . .      SeeInvis .   (no weapon)
rCold   . . .      Faith    .   (no shield)
rNeg    . . .      Spirit   .   a - +0 robe
rPois   .          Reflect  .   (no helmet)
rElec   .          Harm     .   j - scarf {shadows}
rCorr   .          Rampage  .   (no gloves)
Will    .....                   (no boots)
Stlth   ++........              (no amulet)
HPRegen 0.08/turn               (no ring)
MPRegen 0.13/turn               (no ring)

@: lethally poisoned (0 -> -11)
A: no striking features
a: Renounce Religion


You were on level 3 of the Dungeon.
You worshipped Dithmenos.
Dithmenos was noncommittal.
You visited 1 branch of the dungeon, and saw 3 of its levels.

You collected 113 gold pieces.

Inventory:

Missiles
 e - 67 stones
Armour
 a - a +0 robe (worn)
 j - a scarf of shadows (worn)
Scrolls
 f - 3 scrolls of identify {unknown}
 g - a scroll of holy word {unknown}
 h - a scroll of magic mapping {unknown}
 i - 3 scrolls of noise {unknown}
 m - 2 scrolls of fog {unknown}
 n - 3 scrolls of teleportation {unknown}
 p - a scroll of fear {unknown}
 q - a scroll of amnesia {unknown}
Potions
 b - 2 potions of magic
 c - a potion of curing {unknown}
 d - a potion of mutation {unknown}
 k - 2 potions of cancellation {unknown}
 l - 2 potions of flight {unknown}
 o - a potion of brilliance {unknown}


   Skills:
 + Level 2.5 Dodging
 + Level 2.9 Stealth
 + Level 4.9 Spellcasting
 + Level 5.6 Conjurations


You had 9 spell levels left.
You knew the following spells:

 Your Spells              Type           Power      Damage    Failure   Level
a - Magic Dart            Conj           100%       1d8       1%          1
b - Searing Ray           Conj           68%        2d6       1%          2

Your spell library contained the following spells:

 Spells                   Type           Power      Damage    Failure   Level
 Dazzling Flash           Conj/Hex       40%        N/A       8%          3
 Fulminant Prism          Conj/Hex       10%        3d9       26%         4
 Iskenderun's Mystic Bla  Conj/Tloc      20%        2d6       26%         4


Dungeon Overview and Level Annotations

Branches:
Dungeon (3/15)

Altars:
Dithmenos

Shops:
D:1 :

Annotations:
D:3 3 runed translucent doors, Crazy Yiuf; being54's ghost, amateur GnTm


Message History

Magic restored.
Found a runed translucent door.
Found a mace.
Okay, then.
Crazy Yiuf shouts!
Casting: Magic Dart (safe; 1% risk of failure)
Confirm with . or Enter, or press ? or * to list all spells.
You can't see any susceptible monsters within range! (Use Z to cast anyway.) Unknown command.
Casting: Magic Dart (safe; 1% risk of failure)
Confirm with . or Enter, or press ? or * to list all spells.
You can't see any susceptible monsters within range! (Use Z to cast anyway.)
You open the door.
Casting: Magic Dart (safe; 1% risk of failure)
Confirm with . or Enter, or press ? or * to list all spells.
Aiming: Magic Dart (safe; 1% risk of failure)
Press: ? - help, Shift-Dir - straight line, f - Crazy Yiuf
Aim: Crazy Yiuf, wielding a +2 quarterstaff of chaos and wearing a +0 cloak of poison resistance (100% to hit)
The magic dart hits Crazy Yiuf but does no damage.
Crazy Yiuf hits you with a +2 quarterstaff of chaos!
You are lethally poisoned!
Casting: Magic Dart (safe; 1% risk of failure)
Confirm with . or Enter, or press ? or * to list all spells.
Aiming: Magic Dart (safe; 1% risk of failure)
Press: ? - help, Shift-Dir - straight line, f/p - Crazy Yiuf
Aim: Crazy Yiuf, wielding a +2 quarterstaff of chaos and wearing a +0 cloak of poison resistance (100% to hit)
The magic dart hits Crazy Yiuf but does no damage.
You feel very sick.
Crazy Yiuf hits you with a +2 quarterstaff of chaos!
* * * LOW HITPOINT WARNING * * *
Casting: Magic Dart (safe; 1% risk of failure)
Confirm with . or Enter, or press ? or * to list all spells.
Aiming: Magic Dart (safe; 1% risk of failure)
Press: ? - help, Shift-Dir - straight line, f/p - Crazy Yiuf
Aim: Crazy Yiuf, wielding a +2 quarterstaff of chaos and wearing a +0 cloak of poison resistance (100% to hit)
The magic dart hits Crazy Yiuf but does no damage.
* * * LOW HITPOINT WARNING * * *
You feel very sick.
Crazy Yiuf hits you with a +2 quarterstaff of chaos.
You die...

# # # #####
# #..)#
####### #
#...#
#.....# #
...
#.....######
#g#
#.....##....
♣♣@♣
#.....###...
♣.♣♣
#.........##
♣♣.♣
#)..........
♣.♣♣
#.....######
♣♣.♣♣
#.....#
♣...♣♣
#.#####
♣....♣ #.#
##..## #.#
#....####.#


You could see Crazy Yiuf.

Vanquished Creatures
  2 orc wizards (D:3)
  An adder (D:2)
  A dart slug (D:1)
  4 orcs (D:3)
  An endoplasm (D:3)
  A giant cockroach (D:1)
  6 goblins
  4 hobgoblins
  4 jackals (D:3)
  3 quokkas
  4 ball pythons
  5 bats
  3 frilled lizards
  7 kobolds
  3 rats
49 creatures vanquished.

Notes
Turn   | Place    | Note
-------+----------+-------------------------------------------
     0 | D:1      | n8rtot the Deep Elf Conjurer began the quest for the Orb.
     0 | D:1      | Reached XP level 1. HP: 10/10 MP: 6/6
    71 | D:1      | Upgraded the game from 0.29-a0-271-gd4eb659eea to
                  | 0.29-a0-275-g389c0b56f3
    71 | D:1      | Upgraded the game from 0.29-a0-275-g389c0b56f3 to
                  | 0.29-a0-284-gf9362112df
   330 | D:1      | Found Coraske's Book Boutique.
   460 | D:1      | Reached XP level 2. HP: 15/15 MP: 5/8
  1129 | D:1      | Reached skill level 5 in Conjurations
  1608 | D:2      | Reached XP level 3. HP: 19/19 MP: 3/9
  2348 | D:3      | Learned a level 2 spell: Searing Ray
  2576 | D:3      | Found a faded altar of an unknown god.
  2620 | D:3      | Found a runed translucent gate.
  2620 | D:3      | Found a runed translucent gate.
  2621 | D:3      | Found a runed translucent gate.
  2650 | D:3      | Noticed being54's ghost (amateur GnTm)
  2675 | D:3      | Found a shadowy altar of Dithmenos.
  2711 | D:3      | Reached XP level 4. HP: 24/24 MP: 4/12
  2768 | D:3      | Became a worshipper of Dithmenos the Shadowed
  3159 | D:3      | Found a runed translucent door.
  3160 | D:3      | Noticed Crazy Yiuf
  3170 | D:3      | Slain by Crazy Yiuf

Illustrated notes

Levels and vault maps discovered:
D:1:      dpeg_arrival_snail, layout_loops_corners, serial_shops, shop
D:2:      layout_rooms, kennysheep_generic_room_16
D:3:      layout_rooms, nicolae_dithmenos_the_darkroom,
          nicolae_uskayaw_suspiria, ebering_ghost_rock_garden,
          nicolae_ecumenical_lake_church, kennysheep_nub,
          uniq_crazy_yiuf_cottage

Skill      XL: |  1  2  3 |
---------------+----------+-----
Conjurations   | 5 |  5.6
Spellcasting   | 4 |  4.9
Dodging        | |  2.5
Stealth        | |  2.9

Action                   |  1- 3 |  4- 6 || total
-------------------------+-------+-------++-------
 Cast: Magic Dart        |    96 |    19 ||   115
Armor: Robe              |     2 |       ||     2
Dodge: Dodged            |     7 |       ||     7

Table legend: (Time is in decaauts)
 A = Elapsed time spent in this place.
 B = Non-inter-level travel time spent in this place.
 C = Inter-level travel time spent in this place.
 D = Time resting spent in this place.
 E = Time spent auto-exploring this place.
 F = Levels seen in this place.
 G = Mean time per level.
                   A        B        C        D        E       F      G
               +--------+--------+--------+--------+--------+-----+--------+
         Total |   3169 |   3168 |      1 |    432 |   2183 |   3 | 1056.3 |
       Dungeon |   3169 |   3168 |      1 |    432 |   2183 |   3 | 1056.3 |
               +--------+--------+--------+--------+--------+-----+--------+

Top non-repeatable levels by time:
     D:1: 1394 daAuts
     D:3: 1066 daAuts
     D:2: 708 daAuts
